 Dungeon Sprint DCSS version 0.18.1-50-g88ac8fd (webtiles) character file.

1569 Kagutsuchi the Fighter (level 8, 0/83 HPs)
             Began as a Black Draconian Berserker on Oct 22, 2016.
             Was an Elder of Trog.
             Slain by a polar bear (2 damage)
             ... in the Dungeon (Sprint II: "The Violet Keep of Menkaure").
             The game lasted 00:04:05 (540 turns).

Kagutsuchi the Fighter (Black Draconian Berserker)   Turns: 540, Time: 00:04:06

Health: 0/83       AC:  6    Str: 20    XL:     8   Next: 59%
Magic:  8/8        EV: 16    Int:  8    God:    Trog [****..]
Gold:   661        SH:  0    Dex: 10    Spells: 0 memorised, 7 levels left

rFire  . . .     SeeInvis .     a - +0 falchion
rCold  . . .     Gourm    .     (armour unavailable)
rNeg   . . .     Faith    .     (no shield)
rPois  .         Spirit   .     (helmet restricted)
rElec  +         Dismiss  .     (no cloak)
rCorr  .         Reflect  .     (no gloves)
SustAt .         Harm     .     (no boots)
MR     .....     NoTele   +     (no amulet)
Stlth  +.........               (no ring)
                                (no ring)

@: exhausted, short of breath, slowed, very slow, not resistant to hostile
enchantments, very unstealthy
A: breathe lightning, unfitting armour, hooves 1, blurry vision 2, clumsy 1,
electricity resistance, cold-blooded, AC +6
a: Breathe Lightning, Berserk, Trog's Hand, Brothers in Arms, Burn Spellbooks,
Renounce Religion


You were in the Dungeon.
You worshipped Trog.
Trog was greatly pleased with you.
You were very full.

You visited 1 branch You collected 972 gold pieces.
You spent 311 gold pieces at shops.

Inventory:

Hand Weapons
 a - a +0 falchion (weapon)
Scrolls
 h - a scroll of blinking
Potions
 e - a potion of haste
 f - 2 potions of magic
 g - a potion of berserk rage


   Skills:
 + Level 12.1 Fighting
 + Level 11.4 Long Blades
 + Level 10.9 Dodging


You had 7 spell levels left.
You didn't know any spells.

Dungeon Overview and Level Annotations

Branches:
Dungeon (1/1)

Altars:
Cheibriados
Dithmenos
Elyvilon
Fedhas
Gozag
Kikubaaqudgha
Makhleb
Nemelex Xobeh
Okawaru
Pakellas
Qazlal
Ru
Sif Muna
Trog
Vehumet
Xom
Yredelemnul
Zin
The Shining One
Beogh
Jiyva
Lugonu

Shops:
D [:%%[=[:=?([}!!=

Annotations:
D exclusion: oklob plant


Innate Abilities, Weirdness & Mutations

You can breathe wild blasts of lightning.
Your glossy black scales are hard (AC +6).
Your body does not fit into most forms of armour.
You are resistant to electric shocks.
You are cold-blooded and may be slowed by cold attacks.
You have large cloven feet.
Scrolls take you longer to read.
You are clumsy. (Dex -2)


Message History

* * * LOW HITPOINT WARNING * * *
Drink which item? (? for menu, Esc to quit)
You feel better. The polar bear bites you!
* * * LOW HITPOINT WARNING * * *
The polar bear barely misses you. The polar bear misses you.
The polar bear bites you.
* * * LOW HITPOINT WARNING * * *
The polar bear closely misses you. The polar bear barely misses you.
The polar bear bites you.
* * * LOW HITPOINT WARNING * * *
The polar bear claws you.
* * * LOW HITPOINT WARNING * * *
The polar bear barely misses you. x2; The polar bear claws you.
* * * LOW HITPOINT WARNING * * *
The polar bear claws you but does no damage.
You hit the polar bear.
You kick the polar bear, but do no damage.
The polar bear is severely wounded.
The polar bear bites you.
You die... .#..# ...# ...# ## ÷÷.####..## #..# $# #÷###.##..# +..# .# ? #.##..##..# #..# .# (?[ .<.'.##'..####..##.# ?[([

#.##.#.#....###...##▓▓▓▓▓
#'###.##...§..≈≈c†≈≈≈≈≈≈≈
#†# ###≈≈...§§≈#h########
†#..#≈≈≈≈≈≈≈..≈#@h._._..#
.#.##≈≈≈≈≈§≈≈§≈#.._._._.#
#+##≈≈≈≈≈≈§§≈≈§#._._._..#
≈ ≈≈≈≈§≈≈≈§≈§≈≈#_._._._.#
+#+++#§≈≈§≈≈≈§≈#._._._..#
§ ##§≈≈###≈§#_._._...#
#≈§#._._.... #§§#_._.....


You could see 2 polar bears and a yaktaur.

Vanquished Creatures
  A polar bear (D)
  2 hippogriffs (D)
  4 neqoxecs (D)
  A wasp (D)
  4 necrophages (D)
  A crocodile (D)
  4 worker ants (D)
17 creatures vanquished.

Vanquished Creatures (others)
  Menkaure (D)
  A crocodile (D)
2 creatures vanquished.

Grand Total: 19 creatures vanquished

Notes
Turn   | Place    | Note
--------------------------------------------------------------
     0 | D        | Kagutsuchi the Draconian Berserker began the quest for the Orb.
     0 | D        | Reached XP level 1. HP: 19/19 MP: 1/1
     1 | D        | Noticed a hippogriff
     1 | D        | Noticed a hippogriff
     8 | D        | Killed a hippogriff
     8 | D        | Reached skill level 7 in Fighting
     8 | D        | Reached skill level 5 in Dodging
     8 | D        | Reached XP level 2. HP: 22/34 MP: 2/2
     8 | D        | Reached XP level 3. HP: 25/39 MP: 3/3
     8 | D        | Reached XP level 4. HP: 31/47 MP: 4/4
    14 | D        | Killed a hippogriff
    14 | D        | Reached ** piety under Trog
    14 | D        | Reached skill level 8 in Fighting
    14 | D        | Reached XP level 5. HP: 22/56 MP: 5/5
    24 | D        | Found Wumnyhah's Jewellery Shop.
    24 | D        | Found Aleu's Antique Weapon Shop.
    24 | D        | Found Beokanae's Magic Scroll Boutique.
    24 | D        | Found Oppirgha's Gadget Boutique.
    24 | D        | Found Weathral's Distillery.
    24 | D        | Found Zixefuh's Jewellery Shop.
    24 | D        | Found Secyq's Antique Armour Shop.
    24 | D        | Found Fyuw's Book Boutique.
    34 | D        | Found Jawnek's Distillery.
    34 | D        | Found Nycralau's Antique Armour Boutique.
    34 | D        | Found Emuamonu's Jewellery Boutique.
    34 | D        | Found Fayst's Antique Armour Shop.
    34 | D        | Noticed a crocodile
    34 | D        | Noticed a polar bear
    35 | D        | Noticed a polar bear
    41 | D        | Killed Menkaure
    51 | D        | Killed a crocodile
    51 | D        | Reached skill level 9 in Fighting
    51 | D        | Reached XP level 6. HP: 16/63 MP: 6/6
    54 | D        | Noticed a great orb of eyes
    54 | D        | Found Kokhlenum's Food Boutique.
    54 | D        | Found Nablyqo's Food Shop.
    54 | D        | Noticed an oklob plant
    55 | D        | Found Byossas's Book Shoppe.
    55 | D        | Found Sikifo's Antique Armour Boutique.
    59 | D        | Bought a potion of curing for 42 gold pieces
    59 | D        | Bought a potion of curing for 42 gold pieces
    59 | D        | Bought a potion of curing for 42 gold pieces
    63 | D        | Bought a potion of mutation for 27 gold pieces
    63 | D        | Bought a potion of heal wounds for 55 gold pieces
    63 | D        | Bought a potion of curing for 33 gold pieces
    64 | D        | Gained mutation: Scrolls take you a little longer to read. [potion of mutation]
    64 | D        | Gained mutation: Scrolls take you longer to read. [potion of mutation]
    64 | D        | Gained mutation: You have large cloven feet. [potion of mutation]
   196 | D        | Reached skill level 10 in Fighting
   198 | D        | Your scales start taking on a glossy black colour.
   198 | D        | Reached XP level 7. HP: 71/71 MP: 7/7
   198 | D        | Gained mutation: You are resistant to electric shocks. [Black Draconian growth]
   236 | D        | Noticed a death yak
   237 | D        | Bought a meat ration for 70 gold pieces
   277 | D        | Reached *** piety under Trog
   281 | D        | Reached skill level 10 in Long Blades
   303 | D        | Noticed a neqoxec
   303 | D        | Noticed a neqoxec
   303 | D        | Noticed a neqoxec
   303 | D        | Noticed a neqoxec
   311 | D        | Killed a neqoxec
   311 | D        | Reached skill level 11 in Fighting
   311 | D        | Gained mutation: You are clumsy. (Dex -2) [a neqoxec]
   316 | D        | Killed a neqoxec
   316 | D        | Reached XP level 8. HP: 62/82 MP: 8/8
   319 | D        | Reached **** piety under Trog
   319 | D        | Reached skill level 10 in Dodging
   491 | D        | Found a glowing silver altar of Zin.
   493 | D        | Found a radiant altar of Vehumet.
   493 | D        | Found a stormy altar of Qazlal.
   494 | D        | Found a white marble altar of Elyvilon.
   494 | D        | Found an iron altar of Okawaru.
   495 | D        | Found an ancient bone altar of Kikubaaqudgha.
   495 | D        | Found a shimmering altar of Xom.
   496 | D        | Found a shadowy altar of Dithmenos.
   496 | D        | Found a sparkling altar of Nemelex Xobeh.
   496 | D        | Found a sacrificial altar of Ru.
   497 | D        | Found an oddly glowing altar of Pakellas.
   497 | D        | Found a glowing golden altar of the Shining One.
   497 | D        | Found a snail-covered altar of Cheibriados.
   498 | D        | Found a roughly hewn altar of Beogh.
   498 | D        | Found a basalt altar of Yredelemnul.
   498 | D        | Found a viscous altar of Jiyva.
   499 | D        | Found a blossoming altar of Fedhas.
   499 | D        | Found a deep blue altar of Sif Muna.
   500 | D        | Noticed a polar bear
   502 | D        | Found an opulent altar of Gozag.
   502 | D        | Found a corrupted altar of Lugonu.
   511 | D        | Killed a polar bear
   511 | D        | Received a gift from Trog
   511 | D        | Reached skill level 12 in Fighting
   522 | D        | Noticed a yaktaur
   523 | D        | Noticed a polar bear
   523 | D        | Noticed a polar bear
   525 | D        | Found a bloodstained altar of Trog.
   525 | D        | Found a burning altar of Makhleb.
   539 | D        | HP: 4/83 [polar bear (4)]
   540 | D        | Slain by a polar bear

Skill      XL: |  1  2  3  4  5  6  7  8 |
---------------+-------------------------+-----
Fighting       | 7 8 9 10 11 12 | 12.1
Long Blades    | 6 7 8 9 10 11 | 11.4
Dodging        | 5 7 8 9 10 | 10.9

Action                   |  1- 3 |  4- 6 |  7- 9 || total
-------------------------+-------+-------+-------++-------
Melee: Falchion          |     6 |    24 |    68 ||    98
       Tailslap          |     4 |     7 |    10 ||    21
       Kick              |       |     2 |    19 ||    21
Invok: Berserk           |     1 |     1 |     2 ||     4
 Abil: Breathe Lightning |       |       |     1 ||     1
  Use: Potion            |       |     4 |     4 ||     8
  Eat: Bread ration      |       |     1 |       ||     1
       Meat ration       |       |       |     1 ||     1
Armor: Skin              |     1 |     4 |    23 ||    28
Dodge: Dodged            |     4 |    13 |    97 ||   114
